 Dungeon Crawl Stone Soup version 0.20.1-1-g8b1a95d (webtiles) character file.

13167 Knicklaso the Severer (level 12, 0/108 HPs)
             Began as a Hill Orc Fighter on July 16, 2017.
             Was a High Priest of Okawaru.
             Slain by a two-headed ogre
             ... wielding a +0 giant spiked club
              (18 damage)
             ... on level 11 of the Dungeon.
             The game lasted 00:34:57 (9425 turns).

Knicklaso the Severer (Hill Orc Fighter)            Turns: 9425, Time: 00:34:58

Health: 0/108      AC: 11    Str: 24    XL:     12   Next: 3%
Magic:  12/12      EV:  7    Int:  8    God:    Okawaru [*****.]
Gold:   528        SH: 13    Dex: 10    Spells: 11/11 levels left

rFire    + . .     SeeInvis .   y - +3 war axe (freeze)
rCold    . . .     Gourm    .   c - +1 shield
rNeg     . . .     Faith    .   S - +0 plate armour
rPois    .         Spirit   .   (no helmet)
rElec    .         Reflect  .   (no cloak)
rCorr    .         Harm     .   (no gloves)
MR       +....                  E - +0 pair of boots (curse)
Stlth    ..........             (no amulet)
Regen    0.3/turn               M - ring of the Scavenger {*Corrode rF+ Slay+5 Stlth+}
MPRegen  0.2/turn               G - ring of protection from magic

@: about to teleport, corroded
A: no striking features
a: Heroism, Finesse, Renounce Religion


You were on level 11 of the Dungeon.
You worshipped Okawaru.
Okawaru was extremely pleased with you.
You were not hungry.

You visited 1 branch of the dungeon, and saw 11 of its levels.

You collected 528 gold pieces.

Inventory:

Hand Weapons
 o - the +5 scythe "Finisher" {speed, Str+3}
   (You found it on level 8 of the Dungeon)

   Attacks with this weapon are significantly faster.
   It affects your strength (+3).
 p - a +0 flail of holy wrath
 y - a +3 war axe of freezing (weapon)
 T - a +2 hand crossbow of freezing
Missiles
 R - 2 exploding tomahawks (quivered)
Armour
 c - a +1 shield (worn)
 E - a cursed +0 pair of boots (worn)
 J - a +1 leather armour of positive energy
 Q - the +0 ring mail of Wariness {Str+4}
   (Okawaru gifted it to you on level 10 of the Dungeon)

   It affects your strength (+4).
 S - a +0 plate armour (worn)
Magical Staves
 L - an uncursed staff of power {unknown}
Jewellery
 m - an uncursed ring of poison resistance
 q - an uncursed ring of poison resistance
 G - a ring of protection from magic (right hand)
 M - the ring of the Scavenger (left hand) {*Corrode rF+ Slay+5 Stlth+}
   (You found it on level 9 of the Dungeon)

   [ring of protection from fire]

   It affects your accuracy and damage with ranged weapons and melee attacks
   (+5).
   It protects you from fire.
   It may corrode you when you take damage.
   It makes you more stealthy.
 U - an uncursed amulet of guardian spirit {unknown}
Wands
 g - a wand of paralysis (15/24)
 F - a wand of confusion (20/48)
 H - a wand of enslavement (7/24)
Scrolls
 a - a scroll of enchant armour
 b - 4 scrolls of amnesia
 i - 8 scrolls of identify
 r - a scroll of teleportation
 u - 2 scrolls of enchant weapon
 z - a scroll of holy word {unknown}
 A - 3 scrolls of remove curse
 D - a scroll of fog
Potions
 d - 2 potions of might
 e - 3 potions of mutation
 k - 2 potions of agility
 l - 10 potions of curing
 n - a potion of lignification
 t - 2 potions of haste
 v - a potion of cancellation
 C - a potion of brilliance
Books
 B - a book of Misfortune

   Spells                             Type                      Level
   a - Confusing Touch                Hexes                        1
   b - Confuse                        Hexes                        3
   c - Gell's Gravitas                Translocation                3
   d - Petrify                        Transmutation/Earth          4
   e - Metabolic Englaciation         Hexes/Ice                    5
   f - Yara's Violent Unravelling     Hexes/Transmutation          5
 K - a Fen Folio

   Spells                             Type                      Level
   a - Corpse Rot                     Necromancy                   2
   b - Stone Arrow                    Conjuration/Earth            3
   c - Leda's Liquefaction            Hexes/Earth                  4
   d - Summon Forest                  Summoning/Translocation      5
   e - Hydra Form                     Transmutation                6
   f - Summon Hydra                   Summoning                    7
 V - a book of Flames

   Spells                             Type                      Level
   a - Flame Tongue                   Conjuration/Fire             1
   b - Throw Flame                    Conjuration/Fire             2
   c - Conjure Flame                  Conjuration/Fire             3
   d - Inner Flame                    Hexes/Fire                   3
   e - Sticky Flame                   Conjuration/Fire             4
   f - Fireball                       Conjuration/Fire             5
Miscellaneous
 h - a lightning rod (4/4)
 I - 2 boxes of beasts
 N - a sack of spiders
 O - a lamp of fire
Comestibles
 f - 5 bread rations
 j - 12 royal jellies
 w - 14 fruits
 x - 13 meat rations
 P - 17 chunks of flesh


   Skills:
 + Level 10.8 Fighting
 + Level 15.1 Axes
 * Level 9.7 Armour
 * Level 2.5 Dodging
 + Level 9.3 Shields


You had 11 spell levels left.
You didn't know any spells.

Dungeon Overview and Level Annotations

Branches:
Dungeon (11/15)            Temple (0/1) D:6            Lair (0/6) D:11
    Orc: D:9-12

Altars:
Cheibriados
Elyvilon
Kikubaaqudgha
Okawaru
Ru
The Shining One

Shops:
D:11 ?[:

Annotations:
D:10 1 runed door


Message History

You block the two-headed ogre's attack.
The two-headed ogre hits you with a giant spiked club.
Your corrosive artefact corrodes you!
A porcupine comes into view.
You hit the two-headed ogre. You freeze the two-headed ogre.
The two-headed ogre is severely wounded.
You completely miss the two-headed ogre.
The two-headed ogre is severely wounded.
The two-headed ogre hits you with a giant spiked club!!
* * * LOW HITPOINT WARNING * * *
The two-headed ogre hits you with a giant spiked club!!
* * * LOW HITPOINT WARNING * * *
You feel much better. You block the two-headed ogre's attack.
The two-headed ogre hits you with a giant spiked club!
* * * LOW HITPOINT WARNING * * *
As you read the scroll of teleportation, it crumbles to dust.
You feel strangely unstable.
You feel better.
The two-headed ogre hits you with a giant spiked club!!
You die...

#$# #.# #.# #># #.#
#.# #########.###
.........@Oc###
######.#.#r...∩.
###P.P.P?.####
###....P......
###.PP.P.P..P....
#.....PP..P..P....
###PP..PP........P..
###
#.....P.P.P..P....P
..#
#..P.PPP.P...P.P(.


You could see a two-headed ogre, a centaur and a porcupine.

Vanquished Creatures
  The ghost of destino the Transmogrifier, a journeyman DrTm of Okawaru (D:10)
  2 two-headed ogres
  A cyclops (D:11)
  A centaur zombie (D:11)
  Joseph (D:10)
  3 trolls
  Grinder (D:3)
  4 hippogriffs
  A shadow (D:9)
  2 wraiths (D:8)
  A wyvern (D:10)
  Eustachio (D:6)
  16 yaks
  A hungry ghost (D:10)
  A water moccasin (D:10)
  2 porcupines (D:11)
  2 ice beasts
  3 phantoms
  5 orc warriors
  2 black bears
  2 sky beasts
  An eye of draining (D:9)
  3 centaurs
  A necrophage (D:9)
  4 ogres
  2 crocodiles
  A big kobold (D:9)
  6 bullfrogs
  2 scorpions
  3 killer bees (D:9)
  A wight (D:6)
  4 howler monkeys
  7 crimson imps
  5 jellies
  A quasit (D:9)
  A gnoll shaman (D:4)
  5 hounds
  A centaur skeleton (D:9)
  6 orc priests
  Terence (D:2)
  7 iguanas
  9 orc wizards
  10 worker ants
  A killer bee zombie (D:9)
  3 hound skeletons
  4 gnolls (D:4)
  17 adders
  3 shadow imps
  6 oozes
  2 adder skeletons
  2 worms
  2 dart slugs (D:3)
  5 leopard geckos
  37 orcs
  A ball python (D:2)
  11 bats
  4 giant cockroaches
  6 goblins
  7 hobgoblins
  10 jackals
  6 kobolds
  4 quokkas
  4 frilled lizards
  A jackal skeleton (D:6)
  4 rats
  3 fungi (D:11)
  2 plants (D:11)
279 creatures vanquished.

Vanquished Creatures (others)
  32 fungi (D:11)
  7 plants (D:11)
39 creatures vanquished.

Grand Total: 318 creatures vanquished

Notes
Turn   | Place    | Note
-------+----------+-------------------------------------------
     0 | D:1      | Knicklaso the Hill Orc Fighter began the quest for the Orb.
     0 | D:1      | Reached XP level 1. HP: 19/19 MP: 1/1
    12 | D:1      | Reached skill level 3 in Axes
   230 | D:1      | Reached XP level 2. HP: 26/26 MP: 2/2
   358 | D:1      | Reached skill level 4 in Axes
   668 | D:2      | Reached XP level 3. HP: 31/31 MP: 3/3
   693 | D:2      | Reached skill level 5 in Axes
   714 | D:2      | Noticed Terence
   723 | D:2      | Killed Terence
   723 | D:2      | Reached XP level 4. HP: 33/39 MP: 4/4
   761 | D:2      | Reached skill level 6 in Axes
   932 | D:2      | Found an iron altar of Okawaru.
   983 | D:2      | Became a worshipper of Warmaster Okawaru
  1121 | D:3      | Noticed Grinder
  1139 | D:3      | Killed Grinder
  1139 | D:3      | Reached * piety under Okawaru
  1139 | D:3      | Reached skill level 8 in Axes
  1139 | D:3      | Reached XP level 5. HP: 24/45 MP: 5/5
  1139 | D:3      | Reached XP level 6. HP: 27/51 MP: 6/6
  1412 | D:3      | Reached skill level 9 in Axes
  1457 | D:3      | Found a snail-covered altar of Cheibriados.
  1934 | D:4      | Reached XP level 7. HP: 36/57 MP: 7/7
  2280 | D:4      | Reached skill level 10 in Axes
  2293 | D:4      | Reached ** piety under Okawaru
  2830 | D:4      | Reached XP level 8. HP: 10/66 MP: 5/8
  3364 | D:5      | Entered Level 5 of the Dungeon
  3724 | D:5      | Reached skill level 5 in Armour
  3852 | D:5      | Noticed a hippogriff
  3863 | D:5      | Killed a hippogriff
  3863 | D:5      | Reached skill level 5 in Fighting
  3863 | D:5      | Reached skill level 11 in Axes
  4205 | D:6      | Found a glowing golden altar of the Shining One.
  4207 | D:6      | Found a sacrificial altar of Ru.
  4232 | D:6      | Reached skill level 5 in Shields
  4480 | D:6      | Noticed Eustachio
  4488 | D:6      | Killed Eustachio
  4488 | D:6      | Reached *** piety under Okawaru
  4488 | D:6      | Reached XP level 9. HP: 71/75 MP: 9/9
  4700 | D:6      | Found a staircase to the Ecumenical Temple.
  6290 | D:8      | Reached **** piety under Okawaru
  6446 | D:8      | Reached skill level 12 in Axes
  6529 | D:8      | Received a gift from Okawaru
  6738 | D:8      | Noticed a troll
  6743 | D:8      | Killed a troll
  6743 | D:8      | Reached XP level 10. HP: 84/88 MP: 10/10
  7050 | D:9      | Found an ancient bone altar of Kikubaaqudgha.
  7075 | D:9      | Noticed a two-headed ogre
  7085 | D:9      | Killed a two-headed ogre
  7085 | D:9      | Reached ***** piety under Okawaru
  7085 | D:9      | Reached skill level 13 in Axes
  7178 | D:9      | Got a coiled bronze ring
  7455 | D:9      | Identified the ring of the Scavenger {*Corrode rF+ Slay+5 Stlth+} (You found it on level 9 of the Dungeon)
  7791 | D:9      | Found a white marble altar of Elyvilon.
  7947 | D:10     | Entered Level 10 of the Dungeon
  8007 | D:10     | Found a runed door.
  8007 | D:10     | Noticed a fire dragon
  8007 | D:10     | Noticed a glowing orange brain
  8007 | D:10     | Noticed a yaktaur captain
  8015 | D:10     | Noticed a stone giant
  8015 | D:10     | Noticed a guardian serpent
  8016 | D:10     | a guardian serpent changed into a komodo dragon
  8017 | D:10     | Noticed an ice dragon
  8017 | D:10     | Noticed a deep troll earth mage
  8018 | D:10     | Noticed a spiny frog
  8018 | D:10     | a komodo dragon changed into a spiny frog
  8098 | D:10     | Received a gift from Okawaru
  8098 | D:10     | Reached XP level 11. HP: 91/99 MP: 11/11
  8113 | D:10     | Received a gift from Okawaru
  8119 | D:10     | Reached skill level 10 in Fighting
  8148 | D:10     | Got a heavily runed ring mail {god gift}
  8159 | D:10     | Identified the +0 ring mail of Wariness {Str+4} (Okawaru gifted it to you on level 10 of the Dungeon)
  8458 | D:10     | Reached skill level 14 in Axes
  8500 | D:10     | Noticed destino's ghost (journeyman DrTm)
  8526 | D:10     | Killed destino's ghost
  8526 | D:10     | Reached skill level 1 in Dodging
  8553 | D:10     | Noticed Joseph
  8559 | D:10     | Noticed a two-headed ogre
  8575 | D:10     | Killed a two-headed ogre
  8591 | D:10     | Killed Joseph
  9248 | D:11     | Found Tyru's Antique Armour Shop.
  9296 | D:11     | Found Kang's Magic Scroll Emporium.
  9354 | D:11     | Found a staircase to the Lair.
  9359 | D:11     | Noticed a cyclops
  9376 | D:11     | Reached skill level 15 in Axes
  9394 | D:11     | Killed a cyclops
  9394 | D:11     | Reached XP level 12. HP: 70/108 MP: 10/12
  9412 | D:11     | Noticed a two-headed ogre
  9414 | D:11     | Found Kasa's Book Boutique.
  9422 | D:11     | HP: 1/108 [two-headed ogre/giant spiked club (19)]
  9425 | D:11     | Slain by a two-headed ogre

Skill      XL: |  1  2  3  4  5  6  7  8  9 10 11 |
---------------+----------------------------------+-----
Axes           | 3 4 5 8 9 10 11 12 13 15 | 15.1
Fighting       | 4 5 7 9 10 | 10.8
Armour         | 4 6 7 8 9 |  9.7
Shields        | 5 6 8 9 |  9.3
Dodging        | 2 |  2.5

Action                   |  1- 3 |  4- 6 |  7- 9 | 10-12 || total
-------------------------+-------+-------+-------+-------++-------
Melee: War axe           |    78 |   137 |   310 |   336 ||   861
Invok: Heroism           |       |       |     1 |     2 ||     3
  Use: Potion            |       |       |     2 |     3 ||     5
       Scroll            |       |       |    13 |    11 ||    24
 Stab: Distracted        |       |       |       |     1 ||     1
  Eat: Chunk             |       |     4 |    11 |     8 ||    23
       Bread ration      |       |       |     1 |       ||     1
       Meat ration       |       |       |       |     1 ||     1
Armor: Scale mail        |    31 |    51 |     2 |       ||    84
       Chain mail        |       |       |   127 |    50 ||   177
       Plate armour      |       |       |       |    67 ||    67
Dodge: Dodged            |    20 |    47 |    41 |    37 ||   145
Block: Shield            |    40 |    63 |   136 |   161 ||   400
